 Dungeon Crawl Stone Soup version 0.29.1-12-g30fa7ad0bf (webtiles) character file.

Game seed: 1222060732609649387

11392 Morynth the Basher (level 11, -2/101 HPs)
             Began as a Purple Draconian Berserker on Dec 20, 2022.
             Was a Priest of Trog.
             Slain by a two-headed ogre
             ... wielding a +0 giant spiked club
              (11 damage)
             ... on level 2 of the Orcish Mines.
             The game lasted 00:45:51 (11652 turns).

Morynth the Basher (Purple Draconian Berserker)    Turns: 11652, Time: 00:45:51

Health: -2/101     AC: 14    Str: 20    XL:     11   Next: 48%
Magic:  0/11       EV: 16    Int:  8    God:    Trog [***...]
Gold:   187        SH:  0    Dex: 14    Spells: 10/10 levels left

rFire   . . .      SeeInvis .   y - +2 dire flail (holy)
rCold   + + .      Faith    .   (shield currently unavailable)
rNeg    + . .      Spirit   +   (body armour unavailable)
rPois   +          Reflect  .   J - +1 hat
rElec   .          Harm     .   M - +0 cloak
rCorr   .          Rampage  .   (no gloves)
Will    +....      NoTele   +   r - +0 pair of boots
Stlth   ++........              b - amulet of Ronoitol {Spirit -Tele Fly rPois rC++}
HPRegen 0.26/turn               t - ring of positive energy
MPRegen 0.12/turn               k - +4 ring of protection

@: on berserk cooldown, flying
A: breathe power, AC +7, unfitting armour, cold-blooded
a: Breathe Dispelling Energy, Renounce Religion, Berserk, Trog's Hand


You were on level 2 of the Orcish Mines.
You worshipped Trog.
Trog was most pleased with you.
You visited 2 branches of the dungeon, and saw 11 of its levels.

You collected 962 gold pieces.
You spent 775 gold pieces at shops.

Inventory:

Hand Weapons
 y - a +2 dire flail of holy wrath (weapon)
 B - a +2 war axe of flaming
 K - a +3 flail of protection
 N - a +2 antimagic battleaxe
Missiles
 a - a throwing net
 h - 79 stones (quivered)
 u - 3 atropa-tipped darts
 A - 19 poisoned darts
 F - 3 boomerangs
Armour
 r - a +0 pair of boots (worn)
 G - an orb of mayhem
 J - a +1 hat (worn)
 M - a +0 cloak (worn)
Jewellery
 b - the amulet of Ronoitol (around neck) {Spirit -Tele Fly rPois rC++}
   (You acquired it on level 2 of the Dungeon)

   [amulet of guardian spirit]

   It causes incoming damage to be divided between your reserves of health and
   magic.
   rC:        It greatly protects you from cold.
   rPois:     It protects you from poison.
   Fly:       It grants you flight.
   -Tele:     It prevents most forms of teleportation.
 g - a ring of protection from fire
 k - a +4 ring of protection (right hand)
 s - a ring of willpower
 t - a ring of positive energy (left hand)
Wands
 l - a wand of flame (13)
 x - a wand of polymorph (9)
 E - a wand of paralysis (11)
 L - a wand of roots (1)
Scrolls
 d - 2 scrolls of enchant armour
 e - a scroll of amnesia
 i - 3 scrolls of fog
 o - 5 scrolls of teleportation
 p - 2 scrolls of torment
 w - 3 scrolls of fear
 C - 2 scrolls of blinking
 H - a scroll of magic mapping
 O - a scroll of acquirement
Potions
 c - 2 potions of lignification
 f - 2 potions of attraction
 j - a potion of magic
 m - 2 potions of degeneration
 n - 3 potions of flight
 q - 6 potions of curing
 v - a potion of brilliance
 D - 3 potions of mutation
 I - a potion of berserk rage {unknown}


   Skills:
 + Level 10.7 Fighting
 + Level 12.9 Maces & Flails
 + Level 8.7 Dodging
 + Level 3.5 Stealth


You had 10 spell levels left.
You didn't know any spells.
Your spell library contained the following spells:

 Spells                   Type           Power      Damage    Failure   Level
 Apportation              Tloc           0%         N/A       41%         1
 Slow                     Hex            0%         N/A       41%         1
 Poisonous Vapours        Pois/Air       0%         N/A       54%         2
 Call Canine Familiar     Summ           0%         N/A       78%         3
 Confusing Touch          Hex            0%         N/A       78%         3
 Inner Flame              Hex/Fire       0%         N/A       78%         3
 Portal Projectile        Hex/Tloc       0%         N/A       78%         3
 Tukima's Dance           Hex            0%         N/A       78%         3
 Vampiric Draining        Necr           0%         2d6       78%         3
 Animate Dead             Necr           0%         N/A       99%         4
 Cause Fear               Hex            0%         N/A       99%         4
 Corpse Rot               Necr/Pois/Air  0%         N/A       99%         4
 Leda's Liquefaction      Hex/Erth       0%         N/A       99%         4
 Alistair's Intoxication  Tmut/Pois      0%         N/A       100%        5
 Blade Hands              Tmut           0%         N/A       100%        5
 Borgnjor's Vile Clutch   Necr/Erth      0%         N/A       100%        5
 Fireball                 Conj/Fire      0%         3d3       100%        5
 Iskenderun's Battlesphe  Conj           0%         2d6       100%        5
 Conjure Ball Lightning   Conj/Air       0%         3x3d6     100%        6
 Death Channel            Necr           0%         N/A       100%        6
 Orb of Destruction       Conj           0%         9d5       100%        7
 Discord                  Hex            0%         N/A       100%        8


Dungeon Overview and Level Annotations

Branches:
Dungeon (9/15)             Temple (0/1) D:5             Orc (2/2) D:9
   Lair: D:8-11         Elf: Orc:2

Altars:
Kikubaaqudgha
Okawaru
Qazlal
Trog
Uskayaw

Shops:
D:6 !   Orc:1 ?


Innate Abilities, Weirdness & Mutations

You can breathe bolts of dispelling energy.
Your rich purple scales are hard. (AC +7)
You cannot fit into any form of body armour.
You are cold-blooded and may be slowed by cold attacks.


Message History

The two-headed ogre shouts in stereo!
You hear a shout!
You hear two shouts! x2
You hear a shout!
You hear two shouts!
An ogre mage comes into view. It is wielding a +0 flail.
The two-headed ogre hits you with a +0 giant club!
The two-headed ogre hits you but does no damage.
Items here: ))) ††.
Okay, then.
Your skin stops crawling.
You feel less strong-willed.
Things that are here:
a +0 flail; a +0 robe You hit the two-headed ogre.
You tail-slap the two-headed ogre.
The two-headed ogre is lightly wounded.
The two-headed ogre barely misses you. The two-headed ogre misses you.
You hit the two-headed ogre. You tail-slap the two-headed ogre.
The two-headed ogre is moderately wounded.
You thump the two-headed ogre!
The two-headed ogre is heavily wounded.
The two-headed ogre hits you with a +0 giant club!
* * * LOW HITPOINT WARNING * * *
The two-headed ogre misses you.
You sock the two-headed ogre! You tail-slap the two-headed ogre.
The two-headed ogre is severely wounded.
The two-headed ogre hits you with a +0 giant club!!
* * * LOW HITPOINT WARNING * * *
The two-headed ogre misses you.
You feel much better.
A two-headed ogre comes into view.
It is wielding a +0 giant spiked club and a +0 dire flail.
You feel better.
The two-headed ogre hits you with a +0 giant club!
The two-headed ogre barely misses you.
The two-headed ogre closely misses you. x2
You puncture the two-headed ogre!
The two-headed ogre is almost dead.
You feel yourself speed up.
The two-headed ogre hits you with a +0 giant club!
* * * LOW HITPOINT WARNING * * *
The two-headed ogre hits you with a +0 dire flail!
* * * LOW HITPOINT WARNING * * *
The two-headed ogre barely misses you.
The two-headed ogre hits you with a +0 dire flail!
You die...

#.....###..........#.##.#..
###....##..........####....
###...............###....
#.........##....)......
#.......######..)).....
##.#.....## #..........
#.........# ##.........
##.##..##.## ##....##..
#####.@O..# ##..####.
######O..### ##.# ##
............## ### #
..O....O.....## #.
#..########...# #.. O.
##..# #... #..# ##.. #..#
### OOOO......#


You could see 2 two-headed ogres and an ogre mage.

Vanquished Creatures
  Gastronok (D:8)
  An ogre mage (Orc:2)
  3 two-headed ogres (Orc:2)
  Maurice (D:9)
  Maggie (D:6)
  Prince Ribbit (D:7)
  5 dream sheep (D:7)
  A wyvern (D:9)
  5 yaks (D:8)
  2 shadows (D:7)
  Eustachio (D:4)
  Grum (D:8)
  2 steam dragons
  A warg (Orc:1)
  An acid dragon (D:7)
  A water moccasin (D:9)
  10 orc warriors
  2 black bears
  A sky beast (D:8)
  2 wolves (D:8)
  5 ogres
  3 centaurs
  3 phantoms
  Blork the orc (D:6)
  A bullfrog (D:7)
  2 kobold brigands
  A scorpion (D:4)
  10 killer bees
  2 howler monkeys
  A jelly (D:4)
  3 hounds
  10 orc priests
  2 gnoll boudas
  2 iguanas
  Natasha (twice) (D:3)
  9 orc wizards
  11 gnolls
  8 adders
  A shadow imp (D:6)
  A white imp (D:6)
  An ufetubus (D:7)
  2 worms
  42 orcs
  4 ball pythons
  2 endoplasms
  A giant cockroach (D:4)
  5 goblins
  7 hobgoblins
  4 jackals
  5 quokkas
  3 bats
  4 frilled lizards
  8 kobolds
  3 rats
212 creatures vanquished.

Vanquished Creatures (others)
  A withered plant (D:6)
1 creature vanquished.

Grand Total: 213 creatures vanquished

Notes
Turn   | Place    | Note
-------+----------+-------------------------------------------
     0 | D:1      | Morynth the Draconian Berserker began the quest for the
                  | Orb.
     0 | D:1      | Reached XP level 1. HP: 19/19 MP: 1/1
   297 | D:1      | Found a faded altar of an unknown god.
   368 | D:1      | Reached XP level 2. HP: 23/26 MP: 2/2
  1653 | D:2      | Reached XP level 3. HP: 17/33 MP: 3/3
  2552 | D:2      | Identified a scroll of acquirement
  2553 | D:2      | Acquired the amulet of Ronoitol {Spirit -Tele Fly rPois
                  | rC++}
  3019 | D:3      | Reached XP level 4. HP: 40/40 MP: 4/4
  3131 | D:3      | Reached ** piety under Trog
  3139 | D:3      | Noticed Natasha
  3153 | D:3      | Killed Natasha
  3154 | D:3      | Reached skill level 4 in Maces & Flails
  3211 | D:3      | Reached XP level 5. HP: 29/47 MP: 5/5
  3473 | D:3      | Noticed Natasha
  3602 | D:3      | Killed Natasha
  3783 | D:4      | Noticed Eustachio
  3798 | D:4      | Killed Eustachio
  3799 | D:4      | Reached skill level 5 in Maces & Flails
  3799 | D:4      | Reached skill level 1 in Stealth
  3799 | D:4      | Reached XP level 6. HP: 55/55 MP: 4/6
  3976 | D:4      | Reached skill level 5 in Fighting
  4412 | D:4      | Your scales start taking on a rich purple colour.
  4412 | D:4      | Reached XP level 7. HP: 36/61 MP: 4/7
  4790 | D:5      | Entered Level 5 of the Dungeon
  4844 | D:5      | Reached skill level 5 in Dodging
  4873 | D:5      | Reached skill level 6 in Maces & Flails
  4974 | D:5      | Found a stormy altar of Qazlal.
  4982 | D:5      | Noticed Blork the orc
  4992 | D:5      | Noticed Prince Ribbit
  5031 | D:5      | Acquired a +1 dire flail of holy wrath
  5454 | D:5      | Found a staircase to the Ecumenical Temple.
  5534 | D:5      | Found a hide-covered altar of Uskayaw.
  5534 | D:5      | Found a bloodstained altar of Trog.
  5585 | D:6      | Reached XP level 8. HP: 70/70 MP: 8/8
  5595 | D:6      | Found Raidenur's Distillery.
  5600 | D:6      | Bought a potion of curing for 33 gold pieces
  5600 | D:6      | Bought a potion of curing for 33 gold pieces
  5600 | D:6      | Bought a potion of curing for 33 gold pieces
  5760 | D:6      | Reached skill level 7 in Maces & Flails
  5876 | D:6      | Noticed Maggie
  5895 | D:6      | Killed Maggie
  6112 | D:6      | Killed Blork the orc
  6161 | D:6      | Found an ancient bone altar of Kikubaaqudgha.
  6176 | D:6      | Reached skill level 8 in Maces & Flails
  6845 | D:7      | Reached XP level 9. HP: 63/79 MP: 7/9
  7132 | D:7      | Killed Prince Ribbit
  7133 | D:7      | Reached skill level 9 in Maces & Flails
  7377 | D:7      | Found an iron altar of Okawaru.
  7580 | D:7      | Reached skill level 10 in Maces & Flails
  7905 | D:7      | Found the +5 robe of Night {Dark Will+ SInv}
  8176 | D:7      | Reached XP level 10. HP: 66/90 MP: 3/10
  9442 | D:8      | Noticed Grum
  9454 | D:8      | Killed Grum
  9457 | D:8      | Reached skill level 11 in Maces & Flails
  9559 | D:8      | Noticed Gastronok
  9578 | D:8      | Killed Gastronok
 10233 | D:9      | Reached *** piety under Trog
 10375 | D:9      | Noticed Maurice
 10394 | D:9      | Killed Maurice
 10487 | D:9      | Found a staircase to the Orcish Mines.
 10496 | Orc:1    | Entered Level 1 of the Orcish Mines
 10525 | Orc:1    | Reached skill level 12 in Maces & Flails
 10525 | Orc:1    | Reached XP level 11. HP: 59/99 MP: 1/11
 10815 | Orc:1    | Found Xamuar's Magic Scroll Shoppe.
 10851 | Orc:1    | Reached skill level 10 in Fighting
 11291 | Orc:1    | Bought a scroll of acquirement for 676 gold pieces
 11299 | Orc:2    | Entered Level 2 of the Orcish Mines
 11575 | Orc:2    | Noticed a two-headed ogre
 11576 | Orc:2    | Noticed a two-headed ogre
 11576 | Orc:2    | Noticed a two-headed ogre
 11592 | Orc:2    | Killed a two-headed ogre
 11614 | Orc:2    | Noticed a two-headed ogre
 11617 | Orc:2    | Killed a two-headed ogre
 11625 | Orc:2    | Killed a two-headed ogre
 11633 | Orc:2    | Noticed an ogre mage
 11641 | Orc:2    | Killed an ogre mage
 11643 | Orc:2    | Noticed a two-headed ogre
 11644 | Orc:2    | Noticed a two-headed ogre
 11644 | Orc:2    | Noticed an ogre mage
 11650 | Orc:2    | Noticed a two-headed ogre
 11652 | Orc:2    | Slain by a two-headed ogre

Illustrated notes

Levels and vault maps discovered:
D:1:      scummos_arrival_hexagon, layout_basic, ebering_ecumenical_altar_rust,
          minmay_misc_feat_chi
D:2:      layout_basic, minmay_misc_feat_pillars
D:3:      layout_loops_corners, uniq_natasha
D:4:      layout_cave_pools, uniq_eustachio
D:5:      layout_cave_pools, grunt_qazlal_sundering,
          gammafunk_temple_overflow_elements, minmay_temple_entry_antechambers,
          uniq_prince_ribbit1, uniq_blork_the_orc
D:6:      layout_gridville, kiku_gazebo_garden_becter, serial_shops, shop,
          uniq_maggie
D:7:      layout_basic, kennysheep_mini, hellmonk_guarded_unrand_night
D:8:      layout_rooms, serial_bayou_pond_a, uniq_gastronok, uniq_grum
D:9:      layout_basic, orc_0_dummy, uniq_maurice
Orc:1:    layout_diamond_mine, serial_shops, shop
Orc:2:    st_orc_ogre_mass, layout_diamond_mine, ebering_ghost_reflecting_pool

Skill      XL: |  1  2  3  4  5  6  7  8  9 10 11 |
---------------+----------------------------------+-----
Dodging        | 3 4 5 6 7 8 |  8.7
Fighting       | 4 5 7 8 9 10 | 10.7
Maces & Flails | 4 5 6 8 10 12 | 12.9
Stealth        | 1 2 3 |  3.5

Action                   |  1- 3 |  4- 6 |  7- 9 | 10-12 || total
-------------------------+-------+-------+-------+-------++-------
Melee: Mace              |   107 |   135 |    59 |       ||   301
       Tailslap          |     7 |    15 |    39 |    59 ||   120
       Punch             |     2 |       |     1 |       ||     3
       Dire flail        |       |       |   202 |   347 ||   549
Invok: Berserk           |       |     4 |     3 |     6 ||    13
       Trog's Hand       |       |     3 |     3 |     5 ||    11
  Use: Scroll            |    11 |       |    11 |       ||    22
       Potion            |       |     1 |       |     2 ||     3
 Stab: Sleeping          |       |     1 |     1 |     3 ||     5
Armor: Skin              |    25 |    82 |   126 |    81 ||   314
Dodge: Dodged            |    63 |   151 |   214 |   209 ||   637
